 Dungeon Sprint DCSS version 0.31-a0-18-gea43df2a32 (webtiles) character file.

Game seed: 7807464738687929362

24381 sircluck the Wrestler (level 12, -3/223 HPs)
             Began as a Troll Berserker on May 11, 2023.
             Was the Champion of Trog.
             Shot with an arrow by a deep elf master archer (15 damage)
             ... in the Dungeon (Sprint II: "The Violet Keep of Menkaure").
             The game lasted 00:17:24 (2188 turns).

sircluck the Wrestler (Troll Berserker)             Turns: 2188, Time: 00:17:24

Health: -3/223     AC: 14    Str: 36    XL:     12   Next: 80%
Magic:  11/11      EV:  7    Int:  3    God:    Trog [******]
Gold:   854        SH:  0    Dex:  9    Spells: 11/11 levels left

rFire   + .          .
                       - Unarmed
rCold   + + .        (no shield)
rNeg    . . .        n - +0 gold dragon scales
rPois   +            (helmet restricted)
rElec   .            (no cloak)
rCorr   .            (gloves unavailable)
SInv    +            (boots unavailable)
Will    .....        m - amulet of regeneration Stlth
                     h - ring "Tiethriu" {rC+ Str+6 SInv}
HPRegen 2.17/turn    k - ring of flight
MPRegen 0.12/turn

%: no teleportation
@: berserking, flying, very quick
A: large, unfitting armour, claws 3, regeneration 1, shaggy fur 1, tough skin 1,
hooves 1, robust 1, weak 1, MP-powered wands
a: Renounce Religion, Berserk, Trog's Hand, Brothers in Arms


You were in the Dungeon.
You worshipped Trog.
Trog was exalted by your worship.
You visited 1 branch You collected 2469 gold pieces.
You spent 1615 gold pieces at shops.

Inventory:

Missiles
 j - 15 stones (quivered)
Armour
 a - a +0 animal skin
 n - +0 gold dragon scales (worn)
 z - a +0 troll leather armour
Jewellery
 h - the ring "Tiethriu" (left claw) {rC+ Str+6 SInv}
   (You bought it in a shop in the Dungeon)

   [ring of strength]

   Str:       It affects your strength (+6).
   rC:        It protects you from cold.
   SInv:      It lets you see invisible.
 i - a +6 ring of strength
 k - a ring of flight (right claw)
 l - an amulet of magic regeneration
 m - an amulet of regeneration (around neck)
Scrolls
 g - 3 scrolls of identify {unknown}
 o - a scroll of amnesia {unknown}
 p - a scroll of enchant weapon {unknown}
 s - a scroll of vulnerability {unknown}
 v - 2 scrolls of fear {unknown}
 y - 2 scrolls of immolation {unknown}
Potions
 b - 10 potions of flight {unknown}
 c - 4 potions of curing
 d - a potion of haste
 e - 5 potions of magic
 f - a potion of berserk rage
 q - a potion of attraction {unknown}
 r - 2 potions of cancellation {unknown}
 u - a potion of ambrosia {unknown}
 w - a potion of might {unknown}
 x - 3 potions of resistance {unknown}
 A - a potion of degeneration {unknown}


   Skills:
 + Level 13.3 Fighting
 + Level 2.4 Throwing
 + Level 13.4 Dodging
 + Level 4.3 Stealth
 + Level 24.5 Unarmed Combat


You had 11 spell levels left.
You didn't know any spells.
Your spell library was empty.

Dungeon Overview and Level Annotations

Branches:
Dungeon (1/1)

Altars:
Cheibriados
Dithmenos
Elyvilon
Fedhas
Gozag
Hepliaklqana
Kikubaaqudgha
Makhleb
Nemelex Xobeh
Okawaru
Qazlal
Ru
Sif Muna
Trog
Uskayaw
Vehumet
Wu Jian
Xom
Yredelemnul
Zin
The Shining One
Jiyva
Lugonu

Shops:
D *!=(:!!:![=*(![==*[?[:([?!=

Annotations:
D exclusions: obsidian statue and oklob plant


Innate Abilities, Weirdness & Mutations

You are too large for most types of armour.
You have claws for hands.
Your natural rate of healing is unusually fast.
You are covered in fur. (AC +1)
You have tough skin. (AC +1)
You have large cloven feet.
You are robust. (+10% HP)
You are weak. (Str -2)
You expend magic power (3 MP) to strengthen your wands.


Message History

Sorry, I don't know how to get there.
Really fly into a travel-excluded area?
The deep elf master archer shouts!
The deep elf master archer shoots an arrow.
The arrow hits you!!
The deep elf master archer shoots an arrow.
The arrow hits you!!
A deep elf master archer is nearby!
You start resting.
HP restored.
The deep elf master archer shoots an arrow.
The arrow barely misses you.
The deep elf master archer shoots an arrow.
The arrow hits you.
The deep elf master archer shoots an arrow.
The arrow hits you!
The deep elf master archer shoots an arrow.
The arrow hits you!!
The deep elf master archer shoots an arrow.
The arrow hits you!
The deep elf master archer shoots an arrow.
The arrow hits you!!
You barely miss the deep elf master archer.
Your kick misses the deep elf master archer.
Your claw misses the deep elf master archer.
The deep elf master archer shoots an arrow.
The arrow hits you!!
* * * LOW HITPOINT WARNING * * *
You feel much better.
The deep elf master archer shoots an arrow.
The arrow hits you!!
* * * LOW HITPOINT WARNING * * *
The deep elf master archer shoots an arrow.
The arrow hits you!!
* * * LOW HITPOINT WARNING * * *
A red film seems to cover your vision as you go berserk!
You feel yourself moving faster!
You feel mighty!
The deep elf master archer shoots an arrow.
The arrow hits you!
You die...

### ..# ÷)#### '##..####+#### ▓▓▓
..'.##.......## ..▓
..###......○°.## ▓▓+▓▓▓▓.▓
#..+.....8○.○..##++## +...▓0..▓
.####........○##§...### #○.○▓▓▓▓▓
.))~##..°....##e@.....###°○.▓≈§≈≈
###~~#+++#+++#####....#.##|}▓▓▓▓▓
##~~~.........#..'....#..#":▓.:).
.#~~~†.##'##..#[.####.#..#°[▓.=..
.#~~~~##.#.##.####..'.##.#○}▓.)..
.#~~~~#..#..#....#..#^..####▓..).
.#~~####.#.####..#####..##.#▓))..
∩#~##.###'###.##..#..'..#..#▓...)
.#~#.#.##.##..##..#..#..#).#▓....


You could see a deep elf master archer.

Vanquished Creatures
  A golden dragon (D)
  A bone dragon (D)
  2 sphinxes (D)
  A kraken (D)
  Kirke (D)
  A storm dragon (D)
  A frost giant (D)
  A cacodemon (D)
  A crystal guardian (D)
  A deep elf high priest (D)
  A yaktaur captain (D)
  A centaur warrior (D)
  2 boulder beetles (D)
  2 hell hogs (D)
  2 death drakes (D)
  A skeletal warrior (D)
  2 deep trolls (D)
  3 manticores (D)
  An elephant (D)
  A kobold demonologist (D)
  2 unseen horrors (D)
  A yaktaur (D)
  A hornet (D)
  3 polar bears (D)
  3 yaks (D)
  A vampire mosquito (D)
  4 neqoxecs (D)
  2 redbacks (D)
  Menkaure (D)
  5 water moccasins (D)
  2 swamp drakes (D)
  A necrophage (D)
  4 scorpions (D)
  An iron imp (D)
  3 worms (D)
  A tentacle (D)
62 creatures vanquished.

Vanquished Creatures (collateral kills)
  An iron elemental (D)
  A death yak (D)
  3 black bears (D)
  4 tentacles (D)
9 creatures vanquished.

Vanquished Creatures (others)
  7 tentacles (D)
7 creatures vanquished.

Grand Total: 78 creatures vanquished

Notes
Turn   | Place    | Note
-------+----------+-------------------------------------------
     0 | D        | sircluck the Troll Berserker began the quest for the Orb.
     0 | D        | Reached XP level 1. HP: 22/22 MP: 0/0
     1 | D        | Noticed a scorpion
     1 | D        | Noticed a scorpion
     1 | D        | Noticed a scorpion
     1 | D        | Noticed a scorpion
     5 | D        | Noticed a boulder beetle
     5 | D        | Noticed a boulder beetle
    13 | D        | Noticed a neqoxec
    13 | D        | Noticed a neqoxec
    13 | D        | Noticed a neqoxec
    13 | D        | Noticed a neqoxec
    13 | D        | Gained mutation: You occasionally lose the ability to read
                  | scrolls when taking damage. [a neqoxec]
    17 | D        | Killed a neqoxec
    18 | D        | Reached skill level 5 in Fighting
    18 | D        | Reached skill level 5 in Dodging
    18 | D        | Reached skill level 6 in Unarmed Combat
    18 | D        | Reached XP level 2. HP: 35/35 MP: 1/1
    18 | D        | Reached XP level 3. HP: 42/42 MP: 2/2
    18 | D        | Reached XP level 4. HP: 50/50 MP: 3/3
    25 | D        | Killed a neqoxec
    25 | D        | Reached ** piety under Trog
    26 | D        | Reached skill level 7 in Unarmed Combat
    26 | D        | Reached XP level 5. HP: 41/61 MP: 4/4
    28 | D        | Killed a neqoxec
    29 | D        | Reached skill level 9 in Unarmed Combat
    29 | D        | Reached XP level 6. HP: 37/71 MP: 5/5
    30 | D        | Killed a neqoxec
    31 | D        | Reached XP level 7. HP: 42/78 MP: 6/6
    67 | D        | Reached *** piety under Trog
    77 | D        | Reached skill level 10 in Unarmed Combat
    79 | D        | Reached **** piety under Trog
   130 | D        | Killed a boulder beetle
   131 | D        | Reached skill level 12 in Unarmed Combat
   131 | D        | Reached XP level 8. HP: 21/92 MP: 7/7
   207 | D        | Killed a boulder beetle
   208 | D        | Reached skill level 13 in Unarmed Combat
   215 | D        | Noticed an obsidian statue
   218 | D        | Found Umieb's Distillery.
   218 | D        | Found Xepsihoa's Jewellery Emporium.
   224 | D        | Reached XP level 9. HP: 98/101 MP: 8/8
   224 | D        | Found Xaeb's Antique Armour Emporium.
   224 | D        | Found Ankigh's Magic Scroll Shoppe.
   225 | D        | Found Seamo's Book Shoppe.
   225 | D        | Found Tiossirch's Weapon Emporium.
   226 | D        | Found Vieruni's Antique Armour Shoppe.
   227 | D        | Found Dienluif's Jewellery Shoppe.
   227 | D        | Found Imell's Antique Armour Emporium.
   228 | D        | Found Rijiuwuk's Assorted Antiques.
   240 | D        | Noticed an orange crystal statue
   249 | D        | Found an iron altar of Okawaru.
   249 | D        | Found a radiant altar of Vehumet.
   249 | D        | Found a glowing silver altar of Zin.
   276 | D        | Found Wyenod's Distillery.
   276 | D        | Found Eqean's Book Emporium.
   276 | D        | Noticed an ice dragon
   276 | D        | Noticed an oklob plant
   277 | D        | Found Jemanomi's Antique Weapon Shoppe.
   277 | D        | Found Gohipp's Jewellery Emporium.
   277 | D        | Found Qugegrue's Book Shoppe.
   278 | D        | Noticed a shining eye
   279 | D        | Noticed a shining eye
   279 | D        | Noticed a shining eye
   282 | D        | Noticed a great orb of eyes
   291 | D        | Bought a potion of mutation for 96 gold pieces
   291 | D        | Lost mutation: You occasionally lose the ability to read
                  | scrolls when taking damage. [potion of mutation]
   291 | D        | Gained mutation: You have large cloven feet. [potion of
                  | mutation]
   291 | D        | Gained mutation: You are weak. (Str -2) [potion of
                  | mutation]
   291 | D        | Gained mutation: You are partially covered in iridescent
                  | scales. (AC +2) [potion of mutation]
   292 | D        | Bought a potion of mutation for 96 gold pieces
   292 | D        | Lost mutation: You are weak. (Str -2) [potion of mutation]
   292 | D        | Lost mutation: You are partially covered in iridescent
                  | scales. (AC +2) [potion of mutation]
   292 | D        | Gained mutation: You are robust. (+10% HP) [potion of
                  | mutation]
   292 | D        | Gained mutation: You are weak. (Str -2) [potion of
                  | mutation]
   292 | D        | Gained mutation: You expend magic power (3 MP) to
                  | strengthen your wands. [potion of mutation]
   301 | D        | Bought the ring "Tiethriu" {rC+ Str+6 SInv} for 758 gold
                  | pieces
   366 | D        | Found a sparkling altar of Nemelex Xobeh.
   366 | D        | Found a hide-covered altar of Uskayaw.
   366 | D        | Found a basalt altar of Yredelemnul.
   366 | D        | Found a glowing golden altar of the Shining One.
   368 | D        | Found an opulent altar of Gozag.
   368 | D        | Found a burning altar of Makhleb.
   368 | D        | Found a shimmering altar of Xom.
   368 | D        | Found a bloodstained altar of Trog.
   371 | D        | Found a blossoming altar of Fedhas.
   371 | D        | Found a corrupted altar of Lugonu.
   371 | D        | Found a shimmering blue altar of Sif Muna.
   372 | D        | Found a white marble altar of Elyvilon.
   372 | D        | Found an ancient bone altar of Kikubaaqudgha.
   373 | D        | Found a shadowy altar of Dithmenos.
   373 | D        | Found a viscous altar of Jiyva.
   374 | D        | Found a snail-covered altar of Cheibriados.
   389 | D        | Noticed a yaktaur
   389 | D        | Noticed a polar bear
   389 | D        | Noticed a polar bear
   390 | D        | Noticed a polar bear
   392 | D        | Killed a polar bear
   393 | D        | Reached skill level 10 in Fighting
   393 | D        | Reached skill level 14 in Unarmed Combat
   395 | D        | Reached ***** piety under Trog
   398 | D        | Killed a polar bear
   403 | D        | Killed a polar bear
   404 | D        | Reached skill level 10 in Dodging
   404 | D        | Reached skill level 15 in Unarmed Combat
   406 | D        | Killed a yaktaur
   435 | D        | Noticed a hell hog
   435 | D        | Noticed a hell hog
   495 | D        | Noticed a deep elf master archer
   497 | D        | Noticed an unseen horror
   497 | D        | Noticed an unseen horror
   502 | D        | Killed an unseen horror
   503 | D        | Reached skill level 1 in Stealth
   503 | D        | Killed an unseen horror
   504 | D        | Reached skill level 16 in Unarmed Combat
   504 | D        | Reached XP level 10. HP: 111/122 MP: 9/9
   515 | D        | Noticed a death drake
   516 | D        | Noticed a death drake
   530 | D        | Killed a death drake
   634 | D        | Noticed a crystal guardian
   645 | D        | Killed a crystal guardian
   645 | D        | Reached ****** piety under Trog
   646 | D        | Reached skill level 17 in Unarmed Combat
   795 | D        | Received a gift from Trog
   925 | D        | Killed a death drake
  1025 | D        | Reached skill level 18 in Unarmed Combat
  1050 | D        | Bought a ring of flight for 245 gold pieces
  1111 | D        | Noticed an elephant
  1111 | D        | Noticed a centaur warrior
  1111 | D        | Noticed Kirke
  1111 | D        | Noticed a skeletal warrior
  1111 | D        | Noticed a yaktaur captain
  1118 | D        | Killed a yaktaur captain
  1126 | D        | Killed Kirke
  1126 | D        | Received a gift from Trog
  1127 | D        | Reached skill level 1 in Throwing
  1127 | D        | Reached skill level 19 in Unarmed Combat
  1127 | D        | Reached XP level 11. HP: 51/132 MP: 10/10
  1132 | D        | Killed a skeletal warrior
  1134 | D        | Killed a centaur warrior
  1135 | D        | Reached skill level 20 in Unarmed Combat
  1147 | D        | Received a gift from Trog
  1360 | D        | Noticed a death yak
  1360 | D        | Noticed an iron elemental
  1420 | D        | Killed a death yak
  1421 | D        | Reached skill level 21 in Unarmed Combat
  1427 | D        | Killed an iron elemental
  1429 | D        | Received a gift from Trog
  1457 | D        | Found Girghu's Assorted Antiques.
  1457 | D        | Found Peuziss's Distillery.
  1457 | D        | Found Jajyit's Distillery.
  1457 | D        | Found Vobulas's Distillery.
  1457 | D        | Found Noagg's Jewellery Boutique.
  1458 | D        | Found Ganut's Antique Armour Shoppe.
  1458 | D        | Found Ynoaceon's Antique Weapon Boutique.
  1458 | D        | Found Bifisch's Jewellery Emporium.
  1458 | D        | Found Comur's Magic Scroll Shop.
  1458 | D        | Found Botamor's Distillery.
  1458 | D        | Found Mufuj's Assorted Antiques.
  1458 | D        | Found Poem's Antique Armour Shoppe.
  1464 | D        | Bought an amulet of regeneration for 420 gold pieces
  1488 | D        | Noticed a golden dragon
  1488 | D        | Noticed a storm dragon
  1504 | D        | Killed a golden dragon
  1504 | D        | Noticed a cacodemon
  1508 | D        | Killed a cacodemon
  1509 | D        | Reached skill level 22 in Unarmed Combat
  1515 | D        | Killed a storm dragon
  1516 | D        | Reached XP level 12. HP: 21/146 MP: 11/11
  1517 | D        | Noticed a frost giant
  1518 | D        | HP: 3/146 [frost giant/bolt of cold (24)]
  1528 | D        | Killed a frost giant
  1532 | D        | Noticed a bone dragon
  1539 | D        | HP: 1/146 [bone dragon (12)]
  1628 | D        | Killed a bone dragon
  1629 | D        | Reached skill level 23 in Unarmed Combat
  1697 | D        | Noticed a deep elf high priest
  1709 | D        | Killed a deep elf high priest
  1715 | D        | Killed a hell hog
  1751 | D        | Noticed Menkaure
  1758 | D        | Killed Menkaure
  1758 | D        | Received a gift from Trog
  1778 | D        | Found a sacrificial altar of Ru.
  1778 | D        | Found a hazy altar of Hepliaklqana.
  1779 | D        | Found an ornate altar of the Wu Jian Council.
  1779 | D        | Found a stormy altar of Qazlal.
  1781 | D        | Killed a hell hog
  1795 | D        | Noticed a kraken
  1810 | D        | Killed a kraken
  1847 | D        | Found the brooch of Shielding {Spirit SH+8}
  2006 | D        | Reached skill level 24 in Unarmed Combat
  2026 | D        | Noticed a sphinx
  2026 | D        | Noticed a sphinx
  2032 | D        | Killed a sphinx
  2032 | D        | Received a gift from Trog
  2035 | D        | Killed a sphinx
  2187 | D        | HP: 6/149 [deep elf master archer/arrow (23)]
  2188 | D        | Shot with an arrow by a deep elf master archer

Illustrated notes

Levels and vault maps discovered:
D:        the_violet_keep_of_menkaure [sprint2_stairs_cluster_1,
          sprint2_shoproom, sprint2_temple, sprint2_basic_supplies,
          sprint2_obstacle_4, sprint2_obstacle_1, sprint2_obstacle_3,
          sprint2_obstacle_2, sprint2_obstacle_5, sprint2_timed_cluster_1,
          sprint2_smallroom_cluster_1, sprint2_smallroom_final_cluster_1,
          sprint2_transparent_cluster_1, sprint2_second_timed_cluster_1,
          sprint2_sniper_area_1, sprint2_heavy_combat_area_1,
          sprint2_mutation_trap_area_1, sprint2_forest_area_1,
          sprint2_light_combat_area_1, sprint2_behind_water_1,
          sprint2_near_end_vault_1]

Skill      XL: |  1  2  3  4  5  6  7  8  9 10 11 12 |
---------------+-------------------------------------+-----
Fighting       | 5 6 7 9 10 11 12 13 | 13.3
Dodging        | 5 6 7 8 9 10 11 12 13 | 13.4
Unarmed Combat | 6 7 9 12 13 16 19 22 24 | 24.5
Stealth        | 1 2 3 4 |  4.3
Throwing       | 1 2 |  2.4

Action                     |  1- 3 |  4- 6 |  7- 9 | 10-12 || total
---------------------------+-------+-------+-------+-------++-------
  Melee: Unarmed           |     3 |    11 |    70 |   112 ||   196
         Punch             |       |       |     6 |    12 ||    18
         Kick              |       |       |     5 |    39 ||    44
  Throw: Stone             |       |       |       |     3 ||     3
 Invoke: Berserk           |     1 |       |     2 |     4 ||     7
         Brothers in Arms  |       |       |       |     5 ||     5
    Use: Potion            |       |       |     2 |     3 ||     5
         Scroll            |       |       |       |     2 ||     2
   Stab: Sleeping          |       |       |     1 |       ||     1
         Distracted        |       |       |       |     1 ||     1
 Armour: Animal skin       |       |     4 |    15 |    16 ||    35
  Dodge: Dodged            |     1 |     2 |    24 |    50 ||    77

Table legend: (Time is in decaauts)
 A = Elapsed time spent in this place.
 B = Non-inter-level travel time spent in this place.
 C = Inter-level travel time spent in this place.
 D = Time resting spent in this place.
 E = Time spent auto-exploring this place.
 F = Levels seen in this place.
 G = Mean time per level.
                   A        B        C        D        E       F      G
               +--------+--------+--------+--------+--------+-----+--------+
         Total |   2174 |   2012 |    162 |    999 |    149 |   1 | 2174.0 |
       Dungeon |   2174 |   2012 |    162 |    999 |    149 |   1 | 2174.0 |
               +--------+--------+--------+--------+--------+-----+--------+

Top non-repeatable levels by time:
       D: 2174 daAuts
